 Dungeon Crawl Stone Soup version 0.23.2-1-ga50397a6bc (webtiles) character file.

Game seed: 4243804187794680289

25474 Mrkan the Grappler (level 12, -5/133 HPs)
             Began as a Troll Monk on May 14, 2019.
             Was a High Priest of Ru.
             Shot with an arrow by a centaur (17 damage)
             ... on level 13 of the Dungeon.
             The game lasted 00:43:50 (14074 turns).

Mrkan the Grappler (Troll Monk)                    Turns: 14074, Time: 00:43:50

Health: -5/133     AC:  8    Str: 22    XL:     12   Next: 89%
Magic:  5/11       EV: 14    Int:  9    God:    Ru [*****.]
Gold:   704        SH:  0    Dex: 16    Spells: 11/11 levels left

rFire    . . .     SeeInvis +     - Unarmed
rCold    . . .     Gourm    +   (no shield)
rNeg     . . .     Faith    .   v - +2 robe {MR+}
rPois    .         Spirit   .   (helmet restricted)
rElec    .         Reflect  .   (no cloak)
rCorr    .         Harm     .   (gloves unavailable)
MR       +....                  (boots unavailable)
Stlth    ..........             (no amulet)
HPRegen  0.72/turn              D - ring of see invisible
MPRegen  0.12/turn              c - +3 ring of intelligence

@: exhausted, slowed, studying Long Blades, drained, very slow
A: large, unfitting armour, claws 3, fast metabolism 3, gourmand, regeneration
1, shaggy fur 1, tough skin 3, no stealth, inability to use devices, hated by
all, inability to train armour
a: Draw Out Power, Power Leap, Apocalypse, Renounce Religion


You were on level 13 of the Dungeon.
You worshipped Ru.
Ru was extremely pleased with you.
You were not hungry.

You visited 2 branches of the dungeon, and saw 14 of its levels.
You also visited: Sewer and Bailey.

You collected 704 gold pieces.

Inventory:

Hand Weapons
 q - a +1 blowgun
Missiles
 r - 41 poisoned needles
 M - 71 tomahawks of returning (quivered)
 S - 9 curare-tipped needles
Armour
 a - a +0 robe
 v - a +2 robe of magic resistance (worn)
 y - a +2 robe of positive energy
 K - a +0 troll leather armour
Magical Staves
 l - an uncursed staff of cold
Jewellery
 c - a +3 ring of intelligence (right claw)
 x - an uncursed ring of positive energy
 C - a +2 ring of intelligence
 D - a ring of see invisible (left claw)
Wands
 j - a wand of digging (13)
 m - a wand of polymorph (14)
 o - a wand of iceblast (17)
 u - a wand of acid (7)
 L - a wand of flame (21)
Scrolls
 d - 12 scrolls of remove curse
 e - 8 scrolls of identify
 g - 7 scrolls of teleportation
 h - a scroll of magic mapping
 i - a scroll of random uselessness
 F - 5 scrolls of amnesia
 H - a scroll of vulnerability {unknown}
 I - a scroll of fog
 J - a scroll of holy word {unknown}
 P - a scroll of immolation {unknown}
 Q - 2 scrolls of blinking
 R - 2 scrolls of noise {unknown}
 T - a scroll of enchant armour {unknown}
 U - a scroll of silence {unknown}
 V - a scroll of torment {unknown}
Potions
 f - 2 potions of ambrosia
 k - 6 potions of flight
 p - 16 potions of curing
 s - 3 potions of might
 t - 4 potions of brilliance
 w - 3 potions of magic
 z - 6 potions of mutation
 A - 3 potions of degeneration
 B - 3 potions of agility
 E - a potion of berserk rage
 N - a potion of experience {unknown}
 O - 2 potions of heal wounds
Books
 G - a manual of Long Blades
Miscellaneous
 n - a fan of gales
Comestibles
 b - 11 rations


   Skills:
 + Level 12.6(11.2) Fighting
 + Level 8.1(6.8) Dodging
 - Level 13.2(11.8) Unarmed Combat


You had 11 spell levels left.
You didn't know any spells.
Your spell library contained the following spells:

 Spells                   Type           Power        Failure   Level  Hunger
 Apportation              Tloc           #.....       38%         1    ##.....
 Confusing Touch          Hex            #.....       38%         1    ##.....
 Magic Dart               Conj           #...         38%         1    ##.....
 Blink                    Tloc           N/A          52%         2    ###....
 Corpse Rot               Necr           N/A          52%         2    ###....
 Slow                     Hex            #.......     52%         2    ###....
 Song of Slaying          Chrm           #.......     52%         2    ###....
 Sublimation of Blood     Necr           #.........   52%         2    ###....
 Swiftness                Chrm/Air       #.......     52%         2    ###....
 Conjure Flame            Conj/Fire      #.......     77%         3    ####...
 Mephitic Cloud           Conj/Pois/Air  #.......     77%         3    ####...
 Animate Skeleton         Necr           Unusable     N/A         1    N/A
 Summon Butterflies       Summ           Unusable     N/A         1    N/A
 Summon Small Mammal      Summ           Unusable     N/A         1    N/A
 Call Imp                 Summ           Unusable     N/A         2    N/A
 Call Canine Familiar     Summ           Unusable     N/A         3    N/A
 Summon Ice Beast         Ice/Summ       Unusable     N/A         4    N/A
 Summon Mana Viper        Hex/Summ       Unusable     N/A         5    N/A
 Summon Hydra             Summ           Unusable     N/A         7    N/A

Dungeon Overview and Level Annotations

Branches:
Dungeon (13/15)            Temple (1/1) D:4            Lair (0/6) D:9
    Orc (0/2) D:9          Vaults (0/5) D:13

Altars:
Ashenzari
Cheibriados
Dithmenos
Elyvilon
Fedhas
Gozag
Hepliaklqana
Kikubaaqudgha
Makhleb
Nemelex Xobeh
Okawaru
Qazlal
Ru
Sif Muna
Trog
Vehumet
Wu Jian
Xom
Yredelemnul
Zin
The Shining One

Shops:
D:5 *


Innate Abilities, Weirdness & Mutations

You are too large for most types of armour.
You have claws for hands.
Your metabolism is lightning-fast.
You like to eat raw meat.
Your natural rate of healing is unusually fast.
You are covered in fur. (AC +1)
You have extremely tough skin. (AC +3)
You cannot be stealthy.
You cannot study or use magical devices.
You are hated by all.
You cannot train Armour skill.


Message History

You feel drained.
You hear a shout! x5
The vault guard closely misses you.
You see here a javelin.
The vault guard hits you with a +0 long sword!
* * * LOW HITPOINT WARNING * * *
A centaur comes into view.
There is a stone staircase leading down here.
You barely miss the vault guard.
The vault guard is severely wounded.
The centaur shouts!
You hear a shout!
The centaur wields a +0 shortbow.
The centaur shoots an arrow.
The arrow hits you!
* * * LOW HITPOINT WARNING * * *
You focus your will and blind the centaur in retribution!
The centaur shoots an arrow.
The arrow barely misses you.
The vault guard hits you with a +0 long sword.
* * * LOW HITPOINT WARNING * * *
The centaur shoots an arrow.
The arrow hits you!
You die...

.....#.).(†'.........#
..∩..#..⌠..'.........#
(...$#.....'..####...#
!?[$/#.)...#.....#
############((.(.#
.....(...(c)((.(.## #
.....#(..#.(......# ...
.....#...#......p.#.....
.....#...#(...(.@.'.....
.....#...###+######.....
..>###.(.. ..... ...#
...... .... ####........
.... ...


You could see a vault guard and a centaur (blind).

Vanquished Creatures
  A hydra (D:12)
  Erolcha (D:9)
  A two-headed ogre (D:12)
  A queen ant (D:8)
  Sonja (D:11)
  An unseen horror (D:13)
  2 wizards (D:13)
  Pikel (D:4)
  A necromancer (D:13)
  2 cyclopes
  A manticore (D:11)
  4 centaur zombies
  A spiny frog (shapeshifter) (D:11)
  A gargoyle (D:11)
  3 trolls
  A queen bee (D:8)
  Grinder (D:4)
  A hippogriff (D:13)
  A spriggan (D:8)
  2 vampires (D:12)
  A wraith (D:11)
  A shadow (D:12)
  A wyvern (D:11)
  11 yaks
  19 humans (D:13)
  A hungry ghost (D:8)
  Menkaure (D:7)
  An acid dragon (D:12)
  Edmund (D:4)
  22 soldier ants
  3 orc warriors
  3 phantoms
  A sky beast (D:10)
  4 slaves
  A black bear (D:8)
  2 ice beasts
  An eye of draining (D:8)
  A necrophage (D:9)
  10 centaurs
  4 ogres
  2 crocodiles (D:12)
  Blork the orc (D:5)
  5 big kobolds
  9 bullfrogs
  5 scorpions
  4 wights (D:11)
  27 killer bees
  A bullfrog zombie (D:6)
  9 crimson imps
  A quasit (D:13)
  A bullfrog skeleton (D:4)
  5 orc priests
  11 hounds
  5 orc wizards
  5 centaur skeletons
  Ijyb (D:4)
  3 iguanas (D:6)
  27 worker ants
  2 hound zombies (D:9)
  2 hound skeletons
  2 worker ant zombies
  A howler monkey skeleton (D:4)
  15 gnolls
  15 adders
  An ooze (Sewer)
  An adder skeleton (D:9)
  5 worms
  3 dart slugs (D:1)
  4 leopard geckos
  46 orcs
  19 bats
  9 giant cockroaches
  12 goblins
  22 hobgoblins
  4 jackals
  4 quokkas
  8 ball pythons
  6 frilled lizards
  31 kobolds
  12 rats
  A plant (Sewer)
464 creatures vanquished.

Vanquished Creatures (others)
  2 humans
  A bullfrog (D:11)
  A hobgoblin (Bailey)
4 creatures vanquished.

Grand Total: 468 creatures vanquished

Notes
Turn   | Place    | Note
-------+----------+-------------------------------------------
     0 | D:1      | Mrkan the Troll Monk began the quest for the Orb.
     0 | D:1      | Reached XP level 1. HP: 22/22 MP: 0/0
    66 | D:1      | Reached XP level 2. HP: 17/29 MP: 1/1
   367 | D:1      | Reached XP level 3. HP: 36/36 MP: 2/2
  1188 | D:2      | Reached XP level 4. HP: 43/44 MP: 3/3
  1408 | D:2      | Reached skill level 4 in Unarmed Combat
  1653 | D:2      | Found an ancient bone altar of Kikubaaqudgha.
  1654 | D:2      | Noticed a human
  1656 | D:2      | Killed a human
  2372 | D:4      | Reached skill level 5 in Unarmed Combat
  2372 | D:4      | Reached XP level 5. HP: 49/52 MP: 4/4
  2382 | D:4      | Noticed Edmund
  2388 | D:4      | Noticed Ijyb
  2538 | D:4      | Noticed Grinder
  2599 | D:4      | Found a staircase to the Ecumenical Temple.
  2608 | Temple   | Entered the Ecumenical Temple
  2755 | Temple   | Paralysed by fainting for 7 turns
  2762 | Temple   | Paralysed by fainting for 5 turns
  2794 | Temple   | Paralysed by fainting for 11 turns
  2849 | Temple   | Became a worshipper of Ru the Awakened
  2859 | Temple   | Gained mutation: You are hated by all. [Ru sacrifice]
  2859 | Temple   | Reached * piety under Ru
  2884 | D:4      | Reached skill level 6 in Unarmed Combat
  2884 | D:4      | Reached XP level 6. HP: 61/61 MP: 5/5
  2959 | D:4      | Found a glowing drain.
  2963 | Sewer    | Entered a sewer
  3184 | Sewer    | Reached skill level 7 in Unarmed Combat
  3184 | Sewer    | Reached XP level 7. HP: 62/67 MP: 6/6
  3357 | D:4      | Killed Edmund
  3382 | D:4      | Killed Ijyb
  3486 | D:4      | Killed Grinder
  3486 | D:4      | Reached skill level 8 in Unarmed Combat
  3489 | D:4      | Noticed Pikel
  3506 | D:4      | Killed Pikel
  3506 | D:4      | Reached skill level 9 in Unarmed Combat
  3506 | D:4      | Reached XP level 8. HP: 16/76 MP: 7/7
  3798 | D:4      | Reached skill level 10 in Unarmed Combat
  4322 | D:4      | Gained mutation: You cannot train Armour skill. [Ru
                  | sacrifice]
  4322 | D:4      | Reached ** piety under Ru
  4577 | D:5      | Entered Level 5 of the Dungeon
  4587 | D:5      | Noticed Blork the orc
  4608 | D:5      | Killed Blork the orc
  4703 | D:5      | Reached skill level 11 in Unarmed Combat
  4772 | D:5      | Found a blossoming altar of Fedhas.
  4856 | D:5      | Found Poipnunk's Lightly-Used Armoury.
  5118 | D:6      | Reached XP level 9. HP: 84/84 MP: 8/8
  5462 | D:6      | Found a bloodstained altar of Trog.
  5584 | D:6      | Found a burning altar of Makhleb.
  5590 | D:6      | Reached skill level 12 in Unarmed Combat
  5678 | D:7      | Identified a scroll of acquirement
  5847 | D:7      | Reached skill level 5 in Fighting
  5960 | D:7      | Found a glowing golden altar of the Shining One.
  5961 | D:7      | Found a blossoming altar of Fedhas.
  5961 | D:7      | Noticed Menkaure
  5965 | D:7      | Killed Menkaure
  6036 | D:7      | Found a shadowy altar of Dithmenos.
  6039 | D:7      | Found an opulent altar of Gozag.
  6258 | D:7      | Gained mutation: You cannot be stealthy. [Ru sacrifice]
  6258 | D:7      | Reached *** piety under Ru
  6563 | D:8      | Noticed a cyclops
  6568 | D:8      | Killed a cyclops
  6594 | D:8      | Reached XP level 10. HP: 79/102 MP: 9/9
  6786 | D:8      | Noticed a queen ant
  6798 | D:8      | Killed a queen ant
  7409 | D:8      | Reached skill level 10 in Fighting
  8182 | D:9      | Reached XP level 11. HP: 119/119 MP: 10/10
  8213 | D:9      | Found a staircase to the Orcish Mines.
  8376 | D:9      | Noticed Erolcha
  8386 | D:9      | Killed Erolcha
  8393 | D:9      | Gained mutation: You cannot study or use magical devices.
                  | [Ru sacrifice]
  8393 | D:9      | Reached **** piety under Ru
  8393 | D:9      | Reached ***** piety under Ru
  8420 | D:9      | Found a flagged portal.
  8451 | Bailey   | Entered a bailey
  9072 | D:9      | Found a staircase to the Lair.
  9295 | D:9      | Found a glowing silver altar of Zin.
  9674 | D:8      | HP: 5/119 [poisoned by a killer bee]
  9679 | D:8      | HP: 4/119 [poisoned by a killer bee]
  9684 | D:8      | HP: 4/119 [poisoned by a killer bee]
 10486 | D:8      | HP: 5/119 [poisoned by a killer bee]
 10862 | D:10     | Entered Level 10 of the Dungeon
 11246 | D:10     | Reached skill level 13 in Unarmed Combat
 11410 | D:10     | Identified Magic, Part Two
 12247 | D:11     | Noticed a harpy
 12253 | D:11     | a harpy changed into a spiny frog
 12393 | D:11     | Noticed Sonja
 12400 | D:11     | Killed Sonja
 12510 | D:11     | Identified the +1 dagger "Tesoest" {speed, *Corrode Fragile
                  | rElec rN+ Int+9}
 12521 | D:11     | Reached XP level 12. HP: 78/130 MP: 11/11
 12816 | D:12     | Noticed a two-headed ogre
 12824 | D:12     | Killed a two-headed ogre
 12824 | D:12     | Reached skill level 5 in Dodging
 13047 | D:12     | Noticed an eight-headed hydra
 13057 | D:12     | Killed a 14-headed hydra
 14049 | D:13     | Found a gate to the Vaults.
 14049 | D:13     | Noticed a vault guard
 14074 | D:13     | Shot with an arrow by a centaur

Skill      XL: |  1  2  3  4  5  6  7  8  9 10 11 12 |
---------------+-------------------------------------+-----
Dodging        | 3 4 8 |  8.1
Unarmed Combat | 5 6 7 9 11 12 13 | 13.2
Fighting       | 3 7 10 11 12 | 12.6
Stealth        | 0 |  0.0

Action                   |  1- 3 |  4- 6 |  7- 9 | 10-12 || total
-------------------------+-------+-------+-------+-------++-------
Melee: Unarmed           |   111 |   192 |   306 |   773 ||  1382
       Punch             |     4 |     1 |    12 |    47 ||    64
Invok: Sacrifice Love    |       |     1 |       |       ||     1
       Sacrifice Durabil |       |       |     1 |       ||     1
       Sacrifice Stealth |       |       |     1 |       ||     1
       Draw Out Power    |       |       |       |     3 ||     3
       Apocalypse        |       |       |       |     3 ||     3
       Sacrifice Artific |       |       |       |     1 ||     1
       Reject Sacrifices |       |       |       |     1 ||     1
  Use: Scroll            |       |       |    18 |     4 ||    22
       Potion            |       |       |       |     1 ||     1
 Stab: Sleeping          |     1 |     9 |     1 |       ||    11
       Distracted        |       |       |     1 |     2 ||     3
       Invisible         |       |       |     2 |    13 ||    15
       Paralysed         |       |       |       |     7 ||     7
  Eat: Chunk             |     4 |    15 |    19 |    29 ||    67
       Ration            |     1 |     2 |     3 |    12 ||    18
Armor: Robe              |    40 |    95 |    86 |   260 ||   481
Dodge: Dodged            |    50 |   133 |   150 |   521 ||   854
